 Dungeon Crawl Stone Soup version 0.29.1-1-gd02db69 (webtiles) character file.

Game seed: 425401469161201879

3 Timinator the Insei (level 1, 0/15 HPs)
             Began as a Demigod Transmuter on Dec 18, 2022.
             Slain by a jackal (1 damage)
             ... on level 1 of the Dungeon.
             The game lasted 00:05:01 (292 turns).

Timinator the Insei (Demigod Transmuter)             Turns: 292, Time: 00:05:01

Health: 0/15       AC:  2    Str: 11    XL:     1   Next: 33%
Magic:  5/5        EV: 12    Int: 15    God:
Gold:   0          SH:  0    Dex: 14    Spells: 2/3 levels left

rFire   . . .      SeeInvis .     - Unarmed
rCold   . . .      Faith    .   (no shield)
rNeg    . . .      Spirit   .   a - +0 robe
rPois   .          Reflect  .   (no helmet)
rElec   .          Harm     .   (no cloak)
rCorr   .          Rampage  .   (no gloves)
Will    .....                   (no boots)
Stlth   +.........              (no amulet)
HPRegen 0.05/turn               (no ring)
MPRegen 0.09/turn               (no ring)

@: no status effects
A: high MP 1, forlorn, divine attributes
a: no special abilities


You were on level 1 of the Dungeon.
You visited 1 branch of the dungeon, and saw 1 of its levels.

Inventory:

Armour
 a - a +0 robe (worn)
Scrolls
 d - a scroll of amnesia {unknown}
Potions
 b - a potion of lignification
 c - a potion of curing {unknown}


   Skills:
 + Level 0.8 Fighting
 + Level 1.7 Dodging
 + Level 2.9 Unarmed Combat
 + Level 1.8 Spellcasting
 + Level 1.7 Transmutations


You had 2 spell levels left.
You knew the following spells:

 Your Spells              Type           Power      Damage    Failure   Level
a - Beastly Appendage     Tmut           12%        N/A       11%         1

Your spell library contained the following spells:

 Spells                   Type           Power      Damage    Failure   Level
 Wereblood                Tmut           6%         N/A       17%         2
 Spider Form              Tmut/Pois      4%         N/A       43%         3
 Ice Form                 Ice/Tmut       4%         N/A       83%         4


Dungeon Overview and Level Annotations

Branches:
Dungeon (1/15)


Innate Abilities, Weirdness & Mutations

You have an increased reservoir of magic. (+10% MP)
You shall have no god before yourself.
Your divine heritage dramatically boosts your attributes as you level up.


Message History

The jackal bites you.
You barely miss the jackal. You claw the jackal, but do no damage.
The jackal is almost dead.
The jackal completely misses you. The jackal bites you.
The giant cockroach closely misses you. The jackal bites you.
You barely miss the jackal.
The jackal is severely wounded.
The jackal bites you.
* * * LOW HITPOINT WARNING * * *
The giant cockroach bites you but does no damage.
A kobold comes into view. It is wielding a +0 club.
The jackal bites you but does no damage.
The jackal bites you.
* * * LOW HITPOINT WARNING * * *
Unknown command.
The jackal attacks as you move away! The jackal closely misses you.
The giant cockroach attacks as you move away!
The giant cockroach closely misses you.
The giant cockroach bites you but does no damage.
The jackal barely misses you. x2
Your transformation is almost over.
The jackal attacks as you move away! The jackal barely misses you.
The jackal attacks as you move away! The jackal closely misses you.
You barely miss the jackal. You claw the jackal.
The jackal is almost dead.
The jackal bites you.
* * * LOW HITPOINT WARNING * * *
The jackal bites you.
* * * LOW HITPOINT WARNING * * *
You barely miss the jackal. Your headbutt misses the jackal.
The jackal is almost dead.
The jackal completely misses you.
You hit the jackal but do no damage. Your kick misses the jackal.
The jackal is almost dead.
Your horns disappear.
Your talons disappear.
The jackal closely misses you.
You barely miss the jackal.
The jackal is almost dead.
The jackal bites you.
You die...

.................. ####
##.#######.#.#.#.#.. #..#
....######...........#
.#.###..............#####..#
###..............#..#####..###.
# ##.##.#.######.#........K...?
###.###.#.# #Bh.......[...##
.#.## #.#.# #h#.####..###.#
#.## #.#.# #@### #..#
.#.####.#.# #.# #..#
###.#.....# #.# #... #
##..#>### #.. #.##. ####.# ##.
#.# .# #.### .# #...# .# .
###.# .# .# #.#


You could see 2 jackals and a giant cockroach.

Vanquished Creatures
  A giant cockroach (D:1)
  A goblin (D:1)
  A frilled lizard (D:1)
3 creatures vanquished.

Notes
Turn   | Place    | Note
-------+----------+-------------------------------------------
     0 | D:1      | Timinator the Demigod Transmuter began the quest for the
                  | Orb.
     0 | D:1      | Reached XP level 1. HP: 15/15 MP: 5/5
   292 | D:1      | Slain by a jackal

Illustrated notes

Levels and vault maps discovered:
D:1:      minmay_arrival_diagonal_passages, layout_loops_ring, serial_glass,
          glass_columns_a, glass_columns_b, glass_columns_c, glass_columns_b,
          glass_columns_a, glass_columns_a, glass_columns_b, glass_columns_a,
          glass_columns_a, glass_columns_a, glass_columns_b, glass_columns_b,
          glass_columns_a, glass_columns_b, serial_bayou_pond_c

Action                   || total
-------------------------++-------
Melee: Unarmed           ||    20
       Kick              ||     5
       Headbutt          ||     1
 Cast: Beastly Appendage ||     6
Armor: Robe              ||     4
Dodge: Dodged            ||    23
